Map: Catalyst LE

Players

MarioMM

  • Race: Terran Terran
  • League: Diamond
  • Spawn Location: 11:00

reivaj - Winner!

  • Race: Zerg Zerg
  • League: Diamond
  • Spawn Location: 5:00

VOD

Have the link to the VOD?

Description

Time

  • Played on: July 1, 2018, 11:03 a.m.
  • Length: 20:04
Show
View Real Time Build Order
Export as new Build Order

MarioMM Terran 

Build Orders: Reaper Expand, MMM Bio 

Get SALT Encoding   

  12  0:00  SCV  
  13  0:13  SCV  
  14  0:17  Supply Depot  
  14  0:25  SCV  
  15  0:40  SCV  
  15  0:41  Barracks  
  16  0:50  Refinery  
  16  0:52  SCV  
  17  1:04  SCV  
  18  1:16  SCV  
  19  1:32  Orbital Command  
  19  1:39  Reaper  
  20  1:48  Command Center  
  20  1:53  Barracks  
  20  1:58  SCV  
  21  2:06  Supply Depot  
  21  2:10  SCV  
  22  2:18  Barracks Reactor  
  22  2:21  Refinery  
  23  2:22  SCV  
  23  2:33  Factory  
  23  2:37  SCV  
  24  2:44  Barracks Tech Lab  
  24  2:49  SCV  
  25  2:53  Bunker  
  25  2:54  Marine x2  
  27  3:02  Engineering Bay  
  27  3:11  Orbital Command  
  27  3:15  Stimpack, Marine  
  27  3:18  Marine  
  29  3:22  Marine  
  29  3:25  SCV  
  31  3:31  Terran Infantry Weapons Level 1  
  31  3:36  Marine  
  31  3:37  SCV, Marine  
  34  3:46  Starport  
  34  3:48  Marine  
  34  3:50  Factory Reactor  
  34  3:53  Marine  
  34  3:55  Marine  
  37  4:02  Barracks  
  37  4:04  SCV  
  38  4:11  SCV  
  38  4:16  SCV, Marine  
  38  4:17  Marine x2  
  41  4:23  SCV  
  44  4:24  Medivac  
  44  4:29  Supply Depot  
  46  4:33  Supply Depot  
  46  4:42  Marine x3  
  46  4:43  SCV  
  52  4:46  SCV  
  51  4:53  Marine  
  51  4:55  SCV  
  51  4:58  Widow Mine  
  55  5:00  Marine x2  
  55  5:02  SCV, Marine, Medivac x2  
  63  5:09  SCV  
  63  5:11  Engineering Bay  
  63  5:12  Barracks Reactor  
  64  5:21  Marine x3  
  64  5:24  Widow Mine  
  64  5:25  Supply Depot  
  64  5:26  SCV  
  64  5:28  Terran Infantry Armor Level 1  
  70  5:39  Combat Shield  
  69  5:50  Marine x5  
  69  5:51  Widow Mine  
  69  5:54  SCV  
  69  5:55  SCV  
  69  5:56  Refinery  
  78  5:57  Refinery  
  78  6:05  Armory  
  78  6:09  Supply Depot  
  78  6:30  SCV, Marine  
  58  6:56  Marine x5  
  57  7:13  SCV x2  
  57  7:14  Marine  
  58  7:20  Barracks  
  58  7:21  Marine x3, Command Center x2  
  58  7:22  Marauder, Barracks  
  63  7:23  Terran Infantry Weapons Level 2, Barracks  
  63  7:24  Barracks  
  63  7:25  SCV  
  64  7:32  Marine  
  64  7:37  Factory Reactor, Medivac  
  65  7:38  Medivac  
  65  7:39  Marine x2  
  71  7:48  Marine x2  
  71  7:50  Concussive Shells  
  73  7:54  SCV  
  73  7:55  Terran Vehicle And Ship Armor Level 1  
  73  7:57  Terran Infantry Armor Level 2  
  74  7:59  Marine  
  74  8:00  Marine  
  74  8:04  Marine  
  77  8:06  SCV, Marine  
  77  8:08  Barracks Reactor  
  77  8:10  Barracks Reactor  
  77  8:11  Barracks Tech Lab  
  79  8:14  Barracks Reactor  
  77  8:22  Marine x2  
  77  8:23  Marine x2  
  79  8:28  SCV x2  
  79  8:29  Marine  
  79  8:31  Marauder  
  79  8:33  Widow Mine x2  
  88  8:38  Medivac  
  90  8:56  SCV  
  90  8:57  SCV  
  90  8:58  Orbital Command  
  92  9:03  Marine x3  
  92  9:04  Marauder x2, Marine x5  
  104  9:14  Marine  
  104  9:15  Marine  
  106  9:23  Refinery  
  106  9:24  Refinery  
  106  9:25  Marauder  
  106  9:26  Marauder  
  85  9:40  Marine x4  
  85  9:41  Marine x4  
  85  9:42  Widow Mine x2, Medivac  
  91  9:46  Planetary Fortress  
  91  9:49  Missile Turret  
  91  9:52  SCV  
  92  10:01  Marine x3  
  92  10:03  Terran Infantry Weapons Level 3  
  92  10:04  Marine  
  98  10:07  Marauder, Marine  
  98  10:10  Marauder  
  100  10:23  Missile Turret  
  100  10:31  SCV x2  
  100  10:32  SCV  
  100  10:33  Terran Infantry Armor Level 3  
  100  10:34  Marine x3  
  100  10:35  Marine x5  
  110  10:36  Marauder  
  110  10:37  Marine  
  110  10:41  Supply Depot  
  114  10:42  Supply Depot  
  114  10:46  Supply Depot  
  114  10:48  SCV x2  
  116  11:02  Marine x3  
  116  11:03  SCV x2  
  121  11:04  Supply Depot  
  121  11:05  Supply Depot  
  121  11:09  Starport, Supply Depot  
  121  11:11  Starport  
  121  11:15  Starport  
  120  11:27  Marine x2  
  120  11:28  Marine x7  
  120  11:29  Marauder, Marine  
  120  11:31  Marauder  
  134  11:33  Widow Mine  
  134  11:39  Missile Turret  
  136  11:43  SCV x2  
  106  11:59  Marine x4  
  106  12:00  Marauder, Marine x6  
  115  12:07  Widow Mine x2, Medivac x2  
  104  12:39  Marauder, Marine x7  
  104  12:40  Marine x2  
  89  13:16  Marine x2  
  89  13:17  Marine x5  
  89  13:18  Marauder  
  85  13:22  Marauder, Marine x3  
  82  13:32  Widow Mine x2, Medivac x2  
  88  13:34  Marine x4  
  88  13:35  Marine  
  88  13:36  Starport Reactor  
  88  13:37  Reaper  
  96  13:43  Fusion Core  
  96  13:47  Starport Tech Lab  
  96  13:48  Starport Reactor  
  94  13:54  Liberator x3  
  94  13:56  Marine x5  
  94  13:57  Marauder  
  94  14:00  Terran Ship Weapons Level 1  
  101  14:09  Marine x2  
  105  14:10  Marauder  
  105  14:13  Marine x3  
  105  14:14  Widow Mine  
  105  14:15  Widow Mine  
  121  14:18  Marauder  
  123  14:34  Hi-Sec Auto Tracking, Structure Armor  
  116  14:38  Liberator x3  
  108  14:51  Marine  
  108  14:52  Marauder x2, Marine x6  
  111  14:54  Raven  
  111  14:56  Medivac  
  125  15:01  Orbital Command  
  125  15:04  Liberator  
  125  15:09  SCV  
  125  15:10  SCV x2  
  128  15:15  Marauder x2, Marine x8  
  128  15:16  Marine  
  128  15:17  Widow Mine x2  
  128  15:18  Medivac  
  147  15:21  SCV  
  147  15:22  SCV, Marine  
  153  15:30  SCV x2  
  153  15:33  SCV  
  153  15:34  SCV  
  157  15:42  SCV  
  158  15:43  Marine  
  158  15:44  Marauder  
  161  15:55  Refinery  
  161  15:57  Liberator  
  161  15:58  Liberator  
  160  16:13  Advanced Ballistics  
  160  16:29  Liberator x2  
  160  16:35  Terran Ship Weapons Level 2  
  160  16:40  Liberator  
  116  17:15  Liberator x2  
  94  17:24  Marine x4  
  94  17:25  Marine x3  
  94  17:26  Marauder x2  
  101  17:30  Marine x3  
  101  17:33  Medivac  
  101  17:35  Medivac  
  111  17:42  Marine  
  109  17:45  SCV, Marine x2  
  109  17:46  Liberator, Marine x3  
  109  17:47  Marauder x2  
  109  17:48  Refinery  
  119  17:52  Marine x2  
  119  17:53  Command Center  
  119  17:58  Barracks  
  121  18:00  Ghost Academy, Marine  
  121  18:01  Barracks, Marine x2  
  121  18:03  Widow Mine x2  
  131  18:08  Marauder x2  
  131  18:11  Liberator x2  
  127  18:30  Marauder  
  127  18:32  Marauder  
  125  18:48  Liberator  
  125  18:51  Marauder  
  125  18:53  Marauder  
  120  19:04  Marine x4  
  120  19:05  Cyclone  
  130  19:12  Marauder  
  130  19:15  Marauder  
  134  19:18  Marine x2  
  134  19:19  Marine x3  
  134  19:20  Barracks Tech Lab  
  134  19:22  Barracks Tech Lab  
  134  19:24  Refinery  
  99  19:34  Marauder  
  99  19:36  Marauder, Refinery  
  80  19:41  Marauder, Marine x6  
  80  19:42  Marine  
Show
View Real Time Build Order
Export as new Build Order

reivaj Zerg - Winner!

Build Orders: Hatch First, Lurkers, Muta Ling Bane 

Get SALT Encoding   

  12  0:01  Drone  
  13  0:12  Overlord  
  13  0:17  Drone  
  14  0:31  Drone x2  
  14  0:34  Drone  
  17  0:53  Hatchery  
  17  0:56  Drone  
  17  0:58  Drone  
  17  1:00  Extractor  
  17  1:07  Drone  
  18  1:17  Drone  
  19  1:21  Spawning Pool  
  18  1:29  Drone  
  19  1:39  Drone  
  20  1:50  Drone  
  21  2:00  Drone  
  22  2:05  Overlord  
  22  2:09  Metabolic Boost, Queen x2  
  22  2:12  Zergling x2  
  27  2:17  Drone  
  28  2:25  Drone  
  29  2:30  Drone  
  29  2:33  Drone  
  31  2:39  Drone  
  32  2:49  Drone x2  
  34  2:56  Drone  
  34  2:58  Hatchery  
  34  3:01  Drone  
  34  3:05  Drone  
  35  3:10  Drone  
  36  3:15  Overlord  
  36  3:20  Lair  
  36  3:25  Overlord  
  36  3:34  Drone x2  
  36  3:35  Drone x4  
  42  3:43  Zergling x2  
  43  3:53  Extractor  
  43  3:55  Extractor, Zergling x10  
  44  3:56  Zergling x4  
  44  4:00  Queen  
  50  4:08  Drone x2  
  52  4:10  Queen  
  52  4:11  Drone x2  
  56  4:27  Baneling Nest, Overlord  
  56  4:28  Overlord  
  55  4:34  Overlord  
  55  4:45  Queen x2  
  59  4:56  Drone x4  
  59  4:59  Drone x2  
  65  5:00  Zergling x6  
  65  5:02  Drone x3  
  65  5:03  Zergling x6  
  74  5:23  Queen, Evolution Chamber  
  74  5:24  Evolution Chamber  
  74  5:25  Spire  
  74  5:27  Extractor, Drone  
  74  5:28  Drone  
  74  5:30  Overlord x2  
  73  5:42  Overlord  
  73  5:56  Drone x3  
  76  5:59  Zerg Missile Weapons Level 1  
  76  6:00  Drone x2, Zerg Ground Armor Level 1  
  78  6:06  Drone x5  
  78  6:09  Overlord  
  78  6:10  Overlord  
  83  6:12  Drone x2  
  83  6:13  Drone x3  
  83  6:15  Baneling x4  
  88  6:24  Hatchery  
  72  6:28  Baneling x5  
  72  6:29  Baneling x5  
  72  6:30  Baneling  
  71  6:39  Zergling x6  
  66  6:51  Drone x4  
  66  6:52  Drone x2  
  66  6:53  Drone x2  
  66  6:54  Zergling x8  
  71  6:55  Zergling x4  
  74  7:01  Drone x2  
  74  7:05  Spire  
  70  7:14  Zergling x6  
  71  7:20  Drone x3  
  72  7:25  Extractor  
  72  7:26  Extractor  
  69  7:33  Extractor  
  69  7:35  Queen  
  70  7:41  Drone x2  
  70  7:42  Zergling x6, Drone  
  76  7:44  Drone  
  76  7:45  Drone x2  
  79  7:53  Queen  
  79  7:54  Drone x4  
  79  7:55  Overlord, Drone  
  86  7:59  Zerg Ground Armor Level 2  
  86  8:04  Zerg Melee Weapons Level 1  
  86  8:09  Hydralisk Den  
  83  8:23  Baneling x6  
  83  8:24  Drone x2  
  83  8:25  Drone x3  
  83  8:26  Drone  
  89  8:29  Drone x3  
  89  8:30  Drone  
  89  8:32  Extractor, Drone x3  
  89  8:33  Drone  
  96  8:34  Extractor  
  95  8:57  Mutalisk x2  
  95  8:58  Mutalisk x4  
  95  9:01  Mutalisk  
  95  9:02  Hydralisk Den  
  108  9:06  Centrifical Hooks  
  108  9:09  Drone x3  
  111  9:13  Drone x3  
  112  9:30  Zergling x2  
  90  9:36  Drone  
  90  9:37  Drone x5  
  90  9:38  Drone x3  
  92  9:43  Zergling x2  
  92  9:44  Zergling x12  
  92  9:45  Zergling x2  
  99  9:48  Muscular Augments  
  99  9:54  Infestation Pit, Zergling x2  
  99  9:57  Drone x2  
  101  10:05  Baneling  
  101  10:06  Baneling x4  
  101  10:10  Hatchery  
  100  10:28  Zergling x4  
  100  10:29  Zergling x12  
  100  10:30  Zergling x8  
  100  10:35  Lurker Den  
  109  10:36  Drone x4  
  109  10:38  Zerg Melee Weapons Level 2  
  114  10:42  Drone  
  114  10:43  Drone x4  
  118  10:55  Hydralisk  
  118  10:56  Overlord x2  
  120  10:58  Baneling  
  120  11:14  Queen x3  
  126  11:19  Drone x5  
  126  11:20  Drone x5  
  133  11:25  Zergling x2  
  133  11:31  Baneling x3  
  133  11:32  Baneling x5  
  133  11:33  Baneling x6  
  133  11:35  Drone x4  
  133  11:36  Drone x4  
  141  11:44  Zergling x6  
  135  11:53  Zergling x2  
  118  11:56  Hydralisk x3  
  118  11:57  Hydralisk x6  
  118  11:58  Hydralisk x5  
  141  12:08  Extractor  
  140  12:09  Extractor  
  133  12:29  Zergling x12  
  135  12:32  Lurker x2  
  133  12:40  Hydralisk x3  
  133  12:41  Hydralisk x6  
  133  12:42  Hydralisk x2  
  133  12:43  Drone  
  142  12:45  Queen  
  142  12:46  Overlord x2  
  142  12:48  Queen  
  141  12:55  Queen  
  140  12:59  Queen  
  124  13:14  Hydralisk x2  
  124  13:15  Hydralisk x5  
  124  13:16  Hydralisk x6  
  124  13:17  Hydralisk x4  
  149  13:29  Queen  
  151  13:37  Drone x3  
  151  13:38  Drone  
  151  13:40  Lurker x3  
  158  13:41  Hive  
  158  13:43  Zerg Missile Weapons Level 2  
  158  13:44  Extractor  
  158  13:45  Hatchery, Grooved Spines  
  158  13:48  Extractor  
  155  13:59  Hydralisk  
  155  14:02  Overlord x3  
  157  14:19  Queen  
  157  14:22  Hydralisk x6  
  157  14:23  Hydralisk x5  
  181  14:24  Overlord  
  171  14:42  Hydralisk x2  
  171  14:43  Hydralisk x6  
  171  14:44  Hydralisk x5  
  162  14:49  Lurker x5  
  159  15:04  Hydralisk x3  
  159  15:05  Hydralisk x4  
  173  15:11  Drone x4  
  173  15:12  Drone  
  173  15:13  Drone x3  
  173  15:14  Drone x2  
  183  15:23  Hatchery x2  
  183  15:26  Hatchery  
  180  15:28  Hatchery  
  179  15:42  Lurker x4  
  183  15:43  Hydralisk x3, Lurker x3  
  183  15:44  Hydralisk x2  
  183  15:45  Overlord x2  
  169  16:42  Hydralisk x5  
  169  16:43  Hydralisk x4  
  163  16:59  Hydralisk x3  
  163  17:00  Hydralisk x2  
  161  17:03  Hydralisk x2  
  153  17:09  Drone x4  
  153  17:10  Drone x3  
  153  17:11  Drone x3  
  145  17:23  Drone x3  
  145  17:24  Drone x2  
  145  17:25  Hydralisk x4, Drone  
  145  17:26  Hydralisk x6  
  162  17:37  Spore Crawler  
  162  17:42  Adaptive Talons  
  161  18:04  Hydralisk x3  
  161  18:05  Hydralisk x5  
  169  18:06  Hydralisk x6  
  169  18:07  Hydralisk x5  
  190  18:46  Lurker x3  
  190  18:47  Lurker x4  
  189  19:32  Hatchery  
  189  19:37  Hydralisk x2  
  189  19:38  Hydralisk x7  
  186  19:39  Hydralisk x3  
Tags
 
Add a new tag
Caveats
  • Supply blocks, unpowered buildings, or Contaminate may cause inaccurate times.
  • Supply counts are checked every 10 seconds.